2728 views
Uploaded 2019-12-02 19:55:57
Game version 1.32.0.3 / 1.32.0.3.1
22:57 long 3on3 ladder game on (6)Monsoon_LV
Saved by iggythefisk
2728 views
Uploaded 2019-12-02 19:55:57
Game version 1.32.0.3 / 1.32.0.3.1
22:57 long 3on3 ladder game on (6)Monsoon_LV


156 units @ 19.8k
/ 3.1k
62 buildings @ 10.6k
/ 4.6k



| Staff of Preservation | 1 | 150 |
| Orb of Venom | 1 | 325 |
| Potion of Healing | 1 | 150 |
| Dust of Appearance | 5 | 375 |
| Boots of Speed | 3 | 750 |
| Potion of Lesser Invulnerability | 1 | 150 |
| total: | 12 | 1900g |
| Wisp | 41 | 2460 | / | 0 |
| Archer | 7 | 910 | / | 70 |
| Dryad | 5 | 725 | / | 300 |
| Glaive Thrower | 10 | 2100 | / | 650 |
| Mountain Giant | 1 | 350 | / | 100 |
| Chimaera | 4 | 1320 | / | 280 |
| Peon | 2 | 150 | / | 0 |
| Kodo Beast | 1 | 255 | / | 60 |
| total: | 71 | 8270g | / | 1460w |
| Ancient Protector | 7 | 945 | / | 560 |
| Moon Well | 7 | 1260 | / | 280 |
| Altar of Elders | 1 | 180 | / | 50 |
| Ancient of War | 1 | 150 | / | 60 |
| Ancient of Wonders | 1 | 90 | / | 30 |
| Hunter's Hall | 1 | 210 | / | 100 |
| Tree of Life | 3 | 1020 | / | 555 |
| Ancient of Lore | 2 | 310 | / | 290 |
| Chimaera Roost | 2 | 280 | / | 380 |
| Tree of Ages | 1 | 320 | / | 180 |
| Tree of Eternity | 1 | 330 | / | 200 |
| total: | 25 | 4445g | / | 2305w |
| 0:03 | Wisp |
| 0:03 | Wisp |
| 0:18 | Wisp |
| 0:22 | Moon Well |
| 0:25 | Wisp |
| 0:35 | Altar of Elders |
| 0:43 | Wisp |
| 0:52 | Ancient of War |
| 0:54 | Wisp |
| 1:14 | Wisp |
| 1:23 | Wisp |
| 1:42 | Moon Well |
| 1:55 | Archer |
| 1:58 | Wisp |
| 2:07 | Ancient of Wonders |
| 2:30 | Wisp |
| 2:39 | Archer |
| 2:44 | Wisp |
| 2:48 | Moon Well |
| 2:50 | Archer |
| 3:20 | Tree of Ages |
| 3:21 | Archer |
| 3:27 | Breath of Fire |
| 3:59 | Archer |
| 3:59 | Archer |
| 4:24 | Hunter's Hall |
| 5:01 | Dust of Appearance |
| 5:10 | Archer |
| 5:19 | Moon Well |
| 6:09 | Drunken Brawler |
| 6:13 | Tree of Eternity |
| 6:24 | Healing Spray |
| 6:34 | Ancient of Lore |
| 6:34 | Ancient of Lore |
| 7:04 | Tree of Life |
| 7:54 | Breath of Fire |
| 8:03 | Abolish Magic |
| 8:03 | Dryad |
| 8:33 | Wisp |
| 8:33 | Wisp |
| 8:34 | Wisp |
| 8:34 | Wisp |
| 8:55 | Dryad |
| 9:04 | Strength of the Wild |
| 9:42 | Acid Bomb |
| 9:59 | Boots of Speed |
| 9:59 | Boots of Speed |
| 10:20 | Dust of Appearance |
| 10:20 | Potion of Lesser Invulnerability |
| 10:25 | Dryad |
| 10:26 | Hardened Skin |
| 10:35 | Wisp |
| 10:35 | Wisp |
| 10:35 | Wisp |
| 10:35 | Wisp |
| 10:36 | Wisp |
| 11:00 | Wisp |
| 11:00 | Wisp |
| 11:02 | Vorpal Blades |
| 11:02 | Glaive Thrower |
| 11:17 | Resistant Skin |
| 11:41 | Wisp |
| 11:41 | Wisp |
| 11:57 | Healing Spray |
| 12:02 | Wisp |
| 12:02 | Wisp |
| 12:07 | Tree of Life |
| 12:10 | Ancient Protector |
| 12:13 | Ancient Protector |
| 12:46 | Boots of Speed |
| 13:19 | Drunken Brawler |
| 13:38 | Glaive Thrower |
| 13:38 | Glaive Thrower |
| 13:40 | Mountain Giant |
| 13:41 | Dryad |
| 13:44 | Ancient Protector |
| 13:45 | Wisp |
| 13:45 | Wisp |
| 13:49 | Ancient Protector |
| 13:50 | Ancient Protector |
| 13:51 | Wisp |
| 13:51 | Wisp |
| 14:08 | Improved Strength of the Wild |
| 14:08 | Reinforced Hides |
| 14:38 | Chimaera Roost |
| 15:46 | Glaive Thrower |
| 15:46 | Glaive Thrower |
| 15:46 | Glaive Thrower |
| 15:46 | Glaive Thrower |
| 15:46 | Glaive Thrower |
| 15:57 | Chimaera Roost |
| 16:01 | Wisp |
| 16:01 | Wisp |
| 16:01 | Wisp |
| 16:01 | Wisp |
| 16:01 | Wisp |
| 16:27 | Chimaera |
| 16:32 | Wisp |
| 16:39 | Dust of Appearance |
| 16:52 | Moon Well |
| 16:52 | Moon Well |
| 16:53 | Moon Well |
| 17:23 | Chimaera |
| 17:33 | Ancient Protector |
| 18:37 | Chimaera |
| 18:37 | Corrosive Breath |
| 19:25 | Wisp |
| 19:25 | Wisp |
| 19:54 | Dust of Appearance |
| 20:19 | Staff of Preservation |
| 20:19 | Orb of Venom |
| 20:19 | Potion of Healing |
| 20:20 | Dust of Appearance |
| 20:33 | Mana Burn |
| 21:33 | Wisp |
| 21:33 | Wisp |
| 21:33 | Wisp |
| 21:38 | Tree of Life |
| 21:40 | Glaive Thrower |
| 21:40 | Glaive Thrower |
| 21:41 | Dryad |
| 21:42 | Chimaera |
| 22:03 | Peon |
| 22:03 | Peon |
| 22:05 | Kodo Beast |
| 22:27 | Ancient Protector |
| Right click | 742 |
| Select | 326 |
| Select group | 280 |
| Build/train/purchase | 126 |
| Misc. action | 108 |
| Assign group | 48 |
| Use ability | 48 |
| Minimap ping | 32 |
| Chat | 28 |
| Item give/drop | 1 |


| Healing Salve | 1 | 100 |
| Scroll of Speed | 1 | 50 |
| Potion of Healing | 1 | 150 |
| Scroll of Town Portal | 3 | 1050 |
| Scroll of Protection | 1 | 150 |
| Potion of Lesser Invulnerability | 1 | 150 |
| total: | 8 | 1650g |
| Peon | 8 | 600 | / | 0 |
| Grunt | 5 | 1000 | / | 0 |
| Troll Batrider | 13 | 2080 | / | 520 |
| Demolisher | 7 | 1540 | / | 350 |
| total: | 33 | 5220g | / | 870w |
| Altar of Storms | 1 | 180 | / | 50 |
| Orc Burrow | 6 | 960 | / | 240 |
| Barracks | 3 | 540 | / | 150 |
| Voodoo Lounge | 1 | 130 | / | 30 |
| War Mill | 1 | 205 | / | 0 |
| Beastiary | 2 | 290 | / | 280 |
| Stronghold | 1 | 315 | / | 190 |
| Fortress | 1 | 325 | / | 190 |
| total: | 14 | 2305g | / | 750w |
| 0:03 | Altar of Storms |
| 0:05 | Peon |
| 0:06 | Peon |
| 0:11 | Orc Burrow |
| 0:26 | Peon |
| 0:43 | Barracks |
| 0:48 | Peon |
| 0:49 | Peon |
| 1:00 | Peon |
| 1:12 | Peon |
| 1:25 | Orc Burrow |
| 1:34 | Peon |
| 1:49 | Grunt |
| 2:03 | Voodoo Lounge |
| 2:13 | Feral Spirit |
| 2:27 | Grunt |
| 2:57 | Stronghold |
| 3:40 | Grunt |
| 3:45 | Healing Salve |
| 3:46 | Scroll of Speed |
| 3:57 | Orc Burrow |
| 4:00 | Orc Burrow |
| 4:04 | War Mill |
| 4:28 | Chain Lighting |
| 4:52 | Grunt |
| 5:29 | Potion of Healing |
| 6:04 | Beastiary |
| 6:07 | Scroll of Town Portal |
| 6:29 | Beastiary |
| 7:51 | Troll Batrider |
| 8:02 | War Stomp |
| 8:06 | Troll Batrider |
| 8:09 | Steel Ranged Weapons |
| 8:15 | Troll Batrider |
| 8:39 | Troll Batrider |
| 8:41 | Troll Batrider |
| 9:28 | Troll Batrider |
| 9:44 | Scroll of Protection |
| 9:57 | Troll Batrider |
| 10:24 | Orc Burrow |
| 10:28 | Orc Burrow |
| 11:24 | Troll Batrider |
| 12:19 | Grunt |
| 12:35 | Scroll of Town Portal |
| 13:14 | Troll Batrider |
| 13:14 | Troll Batrider |
| 13:14 | Troll Batrider |
| 13:39 | Fortress |
| 13:58 | Troll Batrider |
| 13:58 | Troll Batrider |
| 14:11 | Chain Lighting |
| 14:44 | Barracks |
| 14:47 | Barracks |
| 15:22 | Demolisher |
| 15:25 | Thorium Ranged Weapons |
| 15:27 | Demolisher |
| 16:00 | Demolisher |
| 16:19 | Demolisher |
| 16:44 | Potion of Lesser Invulnerability |
| 17:15 | Demolisher |
| 18:07 | Endurance Aura |
| 18:14 | Demolisher |
| 18:53 | Demolisher |
| 19:12 | Scroll of Town Portal |
| Right click | 1321 |
| Select | 305 |
| Select group | 276 |
| Build/train/purchase | 76 |
| Chat | 23 |
| Assign group | 20 |
| Use ability | 20 |
| Minimap ping | 12 |
| Misc. action | 5 |
| Remove unit | 3 |
| Item give/drop | 2 |
| Esc | 1 |

| Wisp | 27 | 1620 | / | 0 |
| Archer | 5 | 650 | / | 50 |
| Huntress | 12 | 2340 | / | 240 |
| Glaive Thrower | 8 | 1680 | / | 520 |
| total: | 52 | 6290g | / | 810w |
| Ancient Protector | 9 | 1215 | / | 720 |
| Altar of Elders | 1 | 180 | / | 50 |
| Moon Well | 7 | 1260 | / | 280 |
| Ancient of War | 4 | 600 | / | 240 |
| Hunter's Hall | 1 | 210 | / | 100 |
| Tree of Life | 1 | 340 | / | 185 |
| Tree of Ages | 1 | 320 | / | 180 |
| Tree of Eternity | 1 | 330 | / | 200 |
| total: | 23 | 3805g | / | 1575w |
| 0:10 | Altar of Elders |
| 0:16 | Moon Well |
| 0:19 | Wisp |
| 0:20 | Wisp |
| 0:44 | Ancient of War |
| 0:53 | Wisp |
| 0:53 | Wisp |
| 0:57 | Wisp |
| 1:29 | Wisp |
| 1:29 | Wisp |
| 1:46 | Archer |
| 1:51 | Archer |
| 2:16 | Moon Well |
| 2:27 | Trueshot Aura |
| 3:46 | Archer |
| 3:46 | Archer |
| 3:46 | Archer |
| 4:05 | Wisp |
| 4:37 | Hunter's Hall |
| 5:08 | Wisp |
| 5:09 | Wisp |
| 6:16 | Strength of the Wild |
| 6:20 | Strength of the Moon |
| 6:21 | Moon Armor |
| 6:24 | Huntress |
| 6:24 | Huntress |
| 6:25 | Huntress |
| 6:25 | Huntress |
| 6:51 | Moon Well |
| 6:55 | Moon Well |
| 7:00 | Moon Well |
| 7:24 | Tree of Ages |
| 8:13 | Ancient of War |
| 8:18 | Moon Well |
| 8:22 | Moon Well |
| 8:24 | Ultravision |
| 8:36 | Scout |
| 9:19 | Huntress |
| 9:19 | Huntress |
| 9:19 | Huntress |
| 9:19 | Huntress |
| 9:34 | Huntress |
| 9:34 | Huntress |
| 10:17 | Improved Strength of the Moon |
| 10:18 | Improved Moon Armor |
| 10:21 | Wisp |
| 10:34 | Moon Glaive |
| 10:38 | Huntress |
| 10:38 | Huntress |
| 11:05 | Ancient Protector |
| 11:55 | Tree of Life |
| 12:14 | Ancient Protector |
| 12:56 | Wisp |
| 12:56 | Wisp |
| 12:56 | Wisp |
| 12:56 | Wisp |
| 13:12 | Trueshot Aura |
| 13:41 | Ancient Protector |
| 13:44 | Ancient Protector |
| 13:51 | Ancient of War |
| 15:01 | Wisp |
| 15:01 | Wisp |
| 15:01 | Wisp |
| 15:01 | Wisp |
| 15:36 | Searing Arrows |
| 15:51 | Glaive Thrower |
| 15:51 | Glaive Thrower |
| 15:53 | Glaive Thrower |
| 15:53 | Glaive Thrower |
| 15:59 | Wisp |
| 16:21 | Tree of Eternity |
| 16:25 | Vorpal Blades |
| 16:30 | Improved Bows |
| 16:40 | Ancient of War |
| 16:42 | Wisp |
| 16:43 | Wisp |
| 17:11 | Ancient Protector |
| 17:17 | Ancient Protector |
| 17:25 | Wisp |
| 17:28 | Glaive Thrower |
| 17:30 | Glaive Thrower |
| 17:41 | Glaive Thrower |
| 17:48 | Ancient Protector |
| 18:03 | Glaive Thrower |
| 18:54 | Advanced Strength of the Moon |
| 19:00 | Advanced Moon Armor |
| 19:17 | Wisp |
| 19:18 | Wisp |
| 19:23 | Wisp |
| 19:24 | Wisp |
| 19:59 | Ancient Protector |
| 20:02 | Ancient Protector |
| Right click | 592 |
| Select | 240 |
| Build/train/purchase | 79 |
| Select group | 14 |
| Assign group | 4 |
| Use ability | 3 |
| Remove unit | 3 |
| Misc. action | 1 |
70 units @ 7.3k
/ 0.6k
247 buildings @ 15.8k
/ 9.1k

| Lesser Clarity Potion | 6 | 420 |
| Healing Salve | 6 | 600 |
| Scroll of Speed | 5 | 250 |
| Orb of Lightning | 1 | 375 |
| Potion of Healing | 1 | 150 |
| Boots of Speed | 1 | 250 |
| Staff of Teleportation | 1 | 150 |
| Scroll of Regeneration | 1 | 100 |
| total: | 22 | 2295g |
| Peon | 17 | 1275 | / | 0 |
| Kodo Beast | 8 | 2040 | / | 480 |
| total: | 25 | 3315g | / | 480w |
| Watch Tower | 43 | 4730 | / | 3440 |
| Altar of Storms | 1 | 180 | / | 50 |
| Orc Burrow | 3 | 480 | / | 120 |
| War Mill | 1 | 205 | / | 0 |
| Voodoo Lounge | 5 | 650 | / | 150 |
| Great Hall | 1 | 385 | / | 185 |
| Beastiary | 1 | 145 | / | 140 |
| Stronghold | 1 | 315 | / | 190 |
| Fortress | 1 | 325 | / | 190 |
| total: | 55 | 6775g | / | 4085w |
| 0:02 | Peon |
| 0:05 | Altar of Storms |
| 0:18 | Orc Burrow |
| 0:19 | Peon |
| 0:28 | Peon |
| 0:36 | War Mill |
| 0:48 | Peon |
| 0:59 | Peon |
| 1:11 | Peon |
| 1:29 | Peon |
| 1:49 | Watch Tower |
| 1:51 | Peon |
| 1:52 | Peon |
| 2:02 | Voodoo Lounge |
| 2:05 | Wind Walk |
| 2:08 | Peon |
| 2:18 | Watch Tower |
| 2:27 | Spiked Barricades |
| 3:14 | Stronghold |
| 3:59 | Watch Tower |
| 4:13 | Watch Tower |
| 4:38 | Boots of Speed |
| 4:38 | Staff of Teleportation |
| 4:44 | Watch Tower |
| 4:44 | Watch Tower |
| 4:50 | Critical Strike |
| 5:56 | Fortress |
| 5:57 | Orc Burrow |
| 6:00 | Beastiary |
| 6:16 | Lesser Clarity Potion |
| 6:16 | Healing Salve |
| 6:17 | Lesser Clarity Potion |
| 6:23 | Improved Spiked Barricades |
| 6:27 | Watch Tower |
| 6:28 | Watch Tower |
| 6:54 | Watch Tower |
| 6:56 | Watch Tower |
| 6:58 | Watch Tower |
| 6:58 | Watch Tower |
| 7:46 | Kodo Beast |
| 8:05 | Watch Tower |
| 8:05 | Watch Tower |
| 8:09 | Lesser Clarity Potion |
| 8:11 | Healing Salve |
| 8:12 | Scroll of Speed |
| 8:41 | Peon |
| 9:04 | Voodoo Lounge |
| 9:05 | Wind Walk |
| 9:12 | Peon |
| 9:25 | Voodoo Lounge |
| 9:29 | Voodoo Lounge |
| 9:41 | Orc Burrow |
| 10:14 | War Drums Damage Increase |
| 10:15 | Kodo Beast |
| 10:18 | Voodoo Lounge |
| 10:20 | Great Hall |
| 10:23 | Peon |
| 10:32 | Kodo Beast |
| 10:37 | Orb of Lightning |
| 10:38 | Healing Salve |
| 10:41 | Lesser Clarity Potion |
| 11:04 | Kodo Beast |
| 11:31 | Watch Tower |
| 11:31 | Watch Tower |
| 12:15 | Watch Tower |
| 12:16 | Watch Tower |
| 12:33 | Scroll of Speed |
| 13:01 | Critical Strike |
| 13:29 | Watch Tower |
| 13:31 | Peon |
| 13:32 | Peon |
| 13:32 | Peon |
| 13:34 | Watch Tower |
| 13:34 | Watch Tower |
| 13:39 | Watch Tower |
| 13:47 | Scroll of Speed |
| 14:26 | Kodo Beast |
| 14:55 | Watch Tower |
| 14:57 | Watch Tower |
| 15:00 | Watch Tower |
| 15:01 | Peon |
| 15:12 | Kodo Beast |
| 15:12 | Kodo Beast |
| 16:05 | Watch Tower |
| 16:08 | Watch Tower |
| 16:09 | Watch Tower |
| 16:11 | Watch Tower |
| 16:12 | Watch Tower |
| 16:14 | Watch Tower |
| 16:40 | Scroll of Speed |
| 16:47 | Watch Tower |
| 18:21 | Healing Salve |
| 18:30 | Watch Tower |
| 18:37 | Scroll of Speed |
| 18:55 | Watch Tower |
| 20:27 | Healing Salve |
| 20:38 | Watch Tower |
| 20:39 | Watch Tower |
| 20:39 | Watch Tower |
| 20:41 | Watch Tower |
| 21:14 | Healing Salve |
| 21:19 | Lesser Clarity Potion |
| 21:50 | Critical Strike |
| 22:00 | Kodo Beast |
| 22:12 | Watch Tower |
| 22:13 | Watch Tower |
| 22:14 | Watch Tower |
| 22:15 | Watch Tower |
| 22:15 | Watch Tower |
| 22:19 | Potion of Healing |
| 22:21 | Scroll of Regeneration |
| 22:23 | Lesser Clarity Potion |
| Right click | 1413 |
| Assign group | 683 |
| Select group | 417 |
| Select | 337 |
| Build/train/purchase | 117 |
| Use ability | 55 |
| Item give/drop | 11 |
| Misc. action | 7 |
| Remove unit | 1 |
| Minimap ping | 1 |



x1)
| Staff of Sanctuary | 4 | 1000 |
| Staff of Teleportation | 3 | 450 |
| Boots of Speed | 3 | 750 |
| Tome of Retraining | 1 | 300 |
| Periapt of Vitality | 1 | 325 |
| Healing Salve | 1 | 100 |
| Orb of Lightning | 4 | 1500 |
| total: | 17 | 4425g |
| Peasant | 20 | 1500 | / | 0 |
| Priest | 1 | 135 | / | 10 |
| Sorceress | 1 | 155 | / | 20 |
| Dragonhawk Rider | 2 | 400 | / | 60 |
| total: | 24 | 2190g | / | 90w |
| Scout Tower | 69 | 2070 | / | 1380 |
| Arcane Tower | 12 | 840 | / | 600 |
| Guard Tower | 29 | 2030 | / | 1450 |
| Altar of Kings | 1 | 180 | / | 50 |
| Farm | 6 | 480 | / | 120 |
| Lumber Mill | 2 | 240 | / | 0 |
| Town Hall | 1 | 385 | / | 205 |
| Arcane Vault | 2 | 260 | / | 60 |
| Blacksmith | 2 | 280 | / | 120 |
| Barracks | 1 | 160 | / | 60 |
| Arcane Sanctum | 2 | 300 | / | 280 |
| Gryphon Aviary | 2 | 280 | / | 300 |
| Keep | 2 | 640 | / | 420 |
| Castle | 1 | 360 | / | 210 |
| total: | 88 | 4635g | / | 2575w |
| 0:02 | Peasant |
| 0:02 | Peasant |
| 0:09 | Altar of Kings |
| 0:18 | Farm |
| 0:26 | Peasant |
| 0:35 | Peasant |
| 0:39 | Farm |
| 0:50 | Lumber Mill |
| 0:59 | Peasant |
| 1:05 | Peasant |
| 1:17 | Peasant |
| 1:28 | Scout Tower |
| 1:39 | Peasant |
| 1:42 | Scout Tower |
| 1:56 | Arcane Tower |
| 1:58 | Scout Tower |
| 2:02 | Scout Tower |
| 2:04 | Peasant |
| 2:04 | Peasant |
| 2:07 | Peasant |
| 2:09 | Summon Water Elemental |
| 2:12 | Guard Tower |
| 2:26 | Peasant |
| 2:30 | Scout Tower |
| 2:31 | Guard Tower |
| 2:40 | Scout Tower |
| 2:41 | Guard Tower |
| 2:43 | Peasant |
| 2:44 | Peasant |
| 3:45 | Keep |
| 3:47 | Improved Masonry |
| 3:48 | Farm |
| 3:48 | Farm |
| 3:55 | Guard Tower |
| 3:56 | Scout Tower |
| 3:58 | Guard Tower |
| 3:59 | Scout Tower |
| 4:10 | Staff of Teleportation |
| 4:30 | Boots of Speed |
| 4:42 | Healing Salve |
| 4:54 | Guard Tower |
| 5:03 | Scout Tower |
| 5:03 | Scout Tower |
| 5:04 | Scout Tower |
| 5:13 | Farm |
| 6:04 | Guard Tower |
| 6:04 | Scout Tower |
| 6:05 | Scout Tower |
| 6:06 | Scout Tower |
| 6:51 | Arcane Tower |
| 6:52 | Guard Tower |
| 6:54 | Arcane Sanctum |
| 7:07 | Guard Tower |
| 7:08 | Scout Tower |
| 7:09 | Scout Tower |
| 7:09 | Scout Tower |
| 7:15 | Storm Bolt |
| 7:50 | Guard Tower |
| 7:52 | Castle |
| 7:54 | Brilliance Aura |
| 8:11 | Magic Sentry |
| 8:43 | Town Hall |
| 8:55 | Bash |
| 8:59 | Scout Tower |
| 9:00 | Scout Tower |
| 9:01 | Scout Tower |
| 9:02 | Scout Tower |
| 9:03 | Scout Tower |
| 9:04 | Scout Tower |
| 9:05 | Scout Tower |
| 9:08 | Scout Tower |
| 10:02 | Arcane Tower |
| 10:02 | Arcane Tower |
| 10:03 | Guard Tower |
| 10:04 | Guard Tower |
| 10:16 | Advanced Masonry |
| 10:36 | Arcane Vault |
| 10:38 | Arcane Vault |
| 10:42 | Peasant |
| 10:42 | Peasant |
| 10:42 | Peasant |
| 10:45 | Peasant |
| 10:46 | Improved Lumber Harvesting |
| 10:49 | Scout Tower |
| 10:52 | Arcane Tower |
| 10:53 | Arcane Tower |
| 10:55 | Scout Tower |
| 11:22 | Priest |
| 11:24 | Guard Tower |
| 11:27 | Scout Tower |
| 11:28 | Scout Tower |
| 11:28 | Scout Tower |
| 11:29 | Scout Tower |
| 11:29 | Scout Tower |
| 11:29 | Scout Tower |
| 11:30 | Scout Tower |
| 11:57 | Tome of Retraining |
| 11:57 | Retrain Hero |
| 12:00 | Staff of Teleportation |
| 12:02 | Blizzard |
| 12:03 | Brilliance Aura |
| 12:05 | Scout Tower |
| 12:06 | Scout Tower |
| 12:06 | Scout Tower |
| 12:07 | Scout Tower |
| 12:12 | Boots of Speed |
| 12:33 | Guard Tower |
| 12:33 | Guard Tower |
| 12:35 | Imbued Masonry |
| 12:42 | Scout Tower |
| 12:43 | Scout Tower |
| 12:50 | Staff of Sanctuary |
| 12:50 | Staff of Sanctuary |
| 13:14 | Guard Tower |
| 13:15 | Guard Tower |
| 13:15 | Scout Tower |
| 13:18 | Scout Tower |
| 13:32 | Orb of Lightning |
| 13:33 | Orb of Lightning |
| 13:44 | Guard Tower |
| 13:51 | Guard Tower |
| 13:54 | Peasant |
| 13:54 | Peasant |
| 14:04 | Staff of Sanctuary |
| 14:14 | Arcane Tower |
| 14:56 | Guard Tower |
| 15:02 | Advanced Lumber Harvesting |
| 15:16 | Holy Light |
| 15:24 | Staff of Sanctuary |
| 15:34 | Orb of Lightning |
| 15:34 | Orb of Lightning |
| 16:02 | Guard Tower |
| 16:04 | Scout Tower |
| 16:06 | Scout Tower |
| 16:07 | Scout Tower |
| 16:08 | Scout Tower |
| 16:09 | Scout Tower |
| 16:09 | Scout Tower |
| 16:11 | Scout Tower |
| 16:11 | Scout Tower |
| 16:12 | Scout Tower |
| 16:13 | Scout Tower |
| 16:13 | Scout Tower |
| 16:25 | Gryphon Aviary |
| 16:26 | Gryphon Aviary |
| 16:27 | Blacksmith |
| 16:31 | Blacksmith |
| 16:31 | Barracks |
| 16:40 | Arcane Tower |
| 17:09 | Arcane Sanctum |
| 17:11 | Lumber Mill |
| 17:14 | Scout Tower |
| 17:15 | Scout Tower |
| 17:16 | Scout Tower |
| 17:16 | Scout Tower |
| 17:23 | Sorceress |
| 17:24 | Sorceress Adept Training |
| 18:19 | Boots of Speed |
| 18:19 | Staff of Teleportation |
| 18:20 | Periapt of Vitality |
| 18:50 | Guard Tower |
| 18:51 | Scout Tower |
| 18:52 | Scout Tower |
| 18:58 | Arcane Tower |
| 19:00 | Guard Tower |
| 19:01 | Guard Tower |
| 19:01 | Arcane Tower |
| 19:10 | Iron Forged Swords |
| 19:10 | Studded Leather Armor |
| 19:14 | Guard Tower |
| 19:20 | Guard Tower |
| 19:34 | Scout Tower |
| 19:34 | Scout Tower |
| 19:35 | Scout Tower |
| 19:37 | Scout Tower |
| 19:37 | Scout Tower |
| 19:38 | Scout Tower |
| 19:38 | Scout Tower |
| 19:40 | Scout Tower |
| 19:41 | Scout Tower |
| 19:42 | Scout Tower |
| 19:55 | Dragonhawk Rider |
| 20:28 | Animal War Training |
| 20:29 | Farm |
| 21:25 | Dragonhawk Rider |
| 21:30 | Arcane Tower |
| 21:33 | Steel Forged Swords |
| 21:33 | Reinforced Leather Armor |
| 21:54 | Divine Shield |
| 22:02 | Blizzard |
| 22:04 | Storm Bolt |
| Right click | 1670 |
| Select | 491 |
| Select group | 314 |
| Build/train/purchase | 199 |
| Chat | 62 |
| Use ability | 60 |
| Assign group | 28 |
| Misc. action | 14 |
| Minimap ping | 9 |
| Resource trade | 4 |
| Item give/drop | 3 |



x1)
| Staff of Sanctuary | 4 | 1000 |
| Staff of Teleportation | 3 | 450 |
| Boots of Speed | 3 | 750 |
| Periapt of Vitality | 2 | 650 |
| Circlet of Nobility | 1 | 175 |
| Tome of Retraining | 1 | 300 |
| Orb of Lightning | 4 | 1500 |
| total: | 18 | 4825g |
| Peasant | 18 | 1350 | / | 0 |
| Priest | 2 | 270 | / | 20 |
| Sorceress | 1 | 155 | / | 20 |
| total: | 21 | 1775g | / | 40w |
| Scout Tower | 92 | 2760 | / | 1840 |
| Arcane Tower | 11 | 770 | / | 550 |
| Guard Tower | 23 | 1610 | / | 1150 |
| Altar of Kings | 1 | 180 | / | 50 |
| Farm | 4 | 320 | / | 80 |
| Lumber Mill | 1 | 120 | / | 0 |
| Town Hall | 1 | 385 | / | 205 |
| Arcane Vault | 4 | 520 | / | 120 |
| Arcane Sanctum | 1 | 150 | / | 140 |
| Keep | 1 | 320 | / | 210 |
| Castle | 1 | 360 | / | 210 |
| total: | 104 | 4435g | / | 2435w |
| 0:03 | Peasant |
| 0:03 | Peasant |
| 0:08 | Peasant |
| 0:15 | Altar of Kings |
| 0:22 | Farm |
| 0:23 | Peasant |
| 0:29 | Peasant |
| 0:42 | Peasant |
| 0:52 | Farm |
| 0:55 | Peasant |
| 1:04 | Scout Tower |
| 1:06 | Lumber Mill |
| 1:18 | Peasant |
| 1:19 | Peasant |
| 1:28 | Peasant |
| 1:32 | Scout Tower |
| 1:36 | Arcane Tower |
| 1:57 | Peasant |
| 2:06 | Scout Tower |
| 2:11 | Guard Tower |
| 2:13 | Summon Water Elemental |
| 2:19 | Peasant |
| 2:29 | Peasant |
| 2:34 | Guard Tower |
| 2:35 | Scout Tower |
| 3:14 | Guard Tower |
| 3:15 | Scout Tower |
| 3:15 | Scout Tower |
| 3:41 | Peasant |
| 3:56 | Keep |
| 4:01 | Arcane Tower |
| 4:05 | Improved Masonry |
| 4:14 | Scout Tower |
| 4:15 | Guard Tower |
| 4:36 | Farm |
| 4:37 | Farm |
| 4:43 | Guard Tower |
| 4:44 | Scout Tower |
| 5:12 | Arcane Tower |
| 5:14 | Scout Tower |
| 5:15 | Scout Tower |
| 5:43 | Guard Tower |
| 5:45 | Scout Tower |
| 6:01 | Scout Tower |
| 6:02 | Scout Tower |
| 6:03 | Scout Tower |
| 6:19 | Castle |
| 6:46 | Arcane Sanctum |
| 6:49 | Advanced Masonry |
| 7:05 | Staff of Teleportation |
| 7:07 | Boots of Speed |
| 7:18 | Storm Bolt |
| 7:48 | Arcane Tower |
| 7:49 | Guard Tower |
| 7:50 | Guard Tower |
| 7:52 | Arcane Tower |
| 7:58 | Brilliance Aura |
| 8:07 | Town Hall |
| 8:14 | Scout Tower |
| 8:15 | Scout Tower |
| 8:16 | Scout Tower |
| 8:38 | Magic Sentry |
| 8:44 | Arcane Vault |
| 8:59 | Bash |
| 9:10 | Arcane Vault |
| 9:15 | Arcane Vault |
| 9:20 | Arcane Vault |
| 9:32 | Staff of Teleportation |
| 9:32 | Boots of Speed |
| 10:12 | Arcane Tower |
| 10:12 | Guard Tower |
| 10:17 | Priest |
| 10:17 | Priest Adept Training |
| 10:21 | Scout Tower |
| 10:22 | Scout Tower |
| 10:23 | Scout Tower |
| 10:24 | Scout Tower |
| 10:25 | Scout Tower |
| 10:26 | Scout Tower |
| 10:26 | Scout Tower |
| 10:29 | Staff of Sanctuary |
| 10:30 | Staff of Sanctuary |
| 10:38 | Scout Tower |
| 10:38 | Scout Tower |
| 10:39 | Scout Tower |
| 10:39 | Scout Tower |
| 10:49 | Guard Tower |
| 11:13 | Holy Light |
| 11:19 | Guard Tower |
| 11:24 | Scout Tower |
| 11:25 | Scout Tower |
| 11:28 | Peasant |
| 11:28 | Peasant |
| 11:30 | Staff of Sanctuary |
| 11:42 | Orb of Lightning |
| 12:06 | Guard Tower |
| 12:16 | Guard Tower |
| 12:29 | Staff of Teleportation |
| 12:29 | Boots of Speed |
| 12:31 | Periapt of Vitality |
| 12:38 | Guard Tower |
| 12:40 | Guard Tower |
| 13:27 | Guard Tower |
| 13:36 | Peasant |
| 13:36 | Peasant |
| 13:40 | Improved Lumber Harvesting |
| 13:43 | Orb of Lightning |
| 13:43 | Orb of Lightning |
| 13:47 | Guard Tower |
| 13:49 | Scout Tower |
| 13:53 | Scout Tower |
| 13:59 | Guard Tower |
| 14:10 | Staff of Sanctuary |
| 14:42 | Summon Water Elemental |
| 14:57 | Sorceress |
| 14:58 | Priest Master Training |
| 14:58 | Sorceress Adept Training |
| 15:00 | Guard Tower |
| 15:31 | Divine Shield |
| 15:33 | Guard Tower |
| 15:44 | Divine Shield |
| 15:55 | Priest |
| 15:57 | Imbued Masonry |
| 15:58 | Advanced Lumber Harvesting |
| 16:16 | Scout Tower |
| 16:17 | Scout Tower |
| 16:19 | Scout Tower |
| 16:22 | Scout Tower |
| 16:22 | Scout Tower |
| 16:33 | Orb of Lightning |
| 16:54 | Scout Tower |
| 16:55 | Scout Tower |
| 16:55 | Scout Tower |
| 16:56 | Scout Tower |
| 16:56 | Scout Tower |
| 16:57 | Scout Tower |
| 17:08 | Storm Bolt |
| 17:10 | Circlet of Nobility |
| 17:15 | Periapt of Vitality |
| 18:19 | Tome of Retraining |
| 18:19 | Retrain Hero |
| 18:21 | Blizzard |
| 18:22 | Brilliance Aura |
| 18:22 | Brilliance Aura |
| 18:34 | Guard Tower |
| 18:36 | Scout Tower |
| 18:36 | Scout Tower |
| 18:37 | Scout Tower |
| 18:38 | Scout Tower |
| 18:40 | Scout Tower |
| 18:41 | Scout Tower |
| 18:41 | Scout Tower |
| 18:43 | Scout Tower |
| 18:45 | Scout Tower |
| 18:45 | Scout Tower |
| 18:45 | Scout Tower |
| 18:46 | Scout Tower |
| 18:47 | Guard Tower |
| 18:49 | Scout Tower |
| 18:49 | Scout Tower |
| 18:51 | Scout Tower |
| 18:52 | Scout Tower |
| 18:54 | Scout Tower |
| 18:55 | Scout Tower |
| 18:57 | Scout Tower |
| 18:59 | Scout Tower |
| 19:01 | Scout Tower |
| 19:02 | Scout Tower |
| 19:03 | Scout Tower |
| 19:10 | Scout Tower |
| 19:11 | Scout Tower |
| 19:11 | Scout Tower |
| 19:11 | Scout Tower |
| 19:12 | Scout Tower |
| 19:13 | Scout Tower |
| 19:13 | Scout Tower |
| 19:13 | Scout Tower |
| 19:15 | Scout Tower |
| 19:22 | Scout Tower |
| 19:22 | Scout Tower |
| 19:23 | Scout Tower |
| 19:24 | Scout Tower |
| 19:24 | Scout Tower |
| 19:30 | Scout Tower |
| 19:30 | Scout Tower |
| 19:31 | Scout Tower |
| 19:31 | Scout Tower |
| 19:32 | Scout Tower |
| 19:32 | Scout Tower |
| 19:33 | Scout Tower |
| 19:33 | Scout Tower |
| 19:34 | Scout Tower |
| 19:35 | Scout Tower |
| 19:35 | Scout Tower |
| 19:36 | Scout Tower |
| 21:20 | Arcane Tower |
| 21:22 | Guard Tower |
| 21:54 | Arcane Tower |
| 22:13 | Arcane Tower |
| 22:18 | Arcane Tower |
| 22:28 | Arcane Tower |
| 22:39 | Holy Light |
| Right click | 1456 |
| Select group | 1290 |
| Select | 288 |
| Build/train/purchase | 126 |
| Use ability | 74 |
| Chat | 66 |
| Misc. action | 58 |
| Item give/drop | 19 |
| Minimap ping | 16 |
| Assign group | 8 |
| Esc | 1 |
⇛